 Dungeon Crawl Stone Soup version 0.30-a0-56-ge6a4009bfd (webtiles) character file.

Game seed: 13305415408410978465

2771 billz999 the Carver (level 10, -2/80 HPs)
             Began as a Human Berserker on Sept 10, 2022.
             Was an Elder of Trog.
             Killed from afar by a gargoyle (22 damage)
             ... with a stone arrow
             ... on level 6 of the Dungeon.
             The game lasted 00:12:22 (6636 turns).

billz999 the Carver (Human Berserker)               Turns: 6636, Time: 00:12:22

Health: -2/80      AC: 17    Str: 27    XL:     10   Next: 1%
Magic:  0/10       EV:  9    Int:  9    God:    Trog [****..]
Gold:   285        SH:  3    Dex: 15    Spells: 9/9 levels left

rFire   . . .      SeeInvis .    e - +10 scimitar of the Boiling Point {protect, rC+ Dex+3}
rCold   + . .      Faith    .    w - +0 buckler
rNeg    . . .      Spirit   +    l - +0 chain mail
rPois   .          Reflect  .    o - +0 helmet
rElec   .          Harm     .    (no cloak)
rCorr   .          Rampage  .    (no gloves)
Will    .....                    (no boots)
Stlth   ..........               k - amulet of guardian spirit
HPRegen 0.23/turn                y - +6 ring of strength
MPRegen 0.12/turn                g - +4 ring of slaying

@: under a protective aura, on berserk cooldown, slowed, very slow
A: no striking features
a: Renounce Religion, Berserk, Trog's Hand, Brothers in Arms


You were on level 6 of the Dungeon.
You worshipped Trog.
Trog was greatly pleased with you.
You visited 1 branch of the dungeon, and saw 6 of its levels.
You also visited: Ossuary.

You collected 285 gold pieces.

Inventory:

Hand Weapons
 a - a +0 mace
 e - the +10 scimitar of the Boiling Point (weapon) {protect, rC+ Dex+3}
   (You found it on level 2 of the Dungeon)

   It grants its wielder temporary protection when it strikes (+7 to AC).
   Dex:       It affects your dexterity (+3).
   rC:        It protects you from cold.
Armour
 l - a +0 chain mail (worn)
 o - a +0 helmet (worn)
 w - a +0 buckler (worn)
Jewellery
 g - a +4 ring of slaying (right hand)
 k - an amulet of guardian spirit (around neck)
 y - a +6 ring of strength (left hand)
 I - a ring of protection from fire
Wands
 p - a wand of paralysis (9)
 r - a wand of quicksilver (4)
 t - a wand of flame (50)
 u - a wand of polymorph (7)
 G - a wand of iceblast (9)
Scrolls
 b - 2 scrolls of enchant armour {unknown}
 c - 4 scrolls of identify
 f - 2 scrolls of teleportation {unknown}
 h - a scroll of vulnerability {unknown}
 j - 3 scrolls of butterflies
 m - 2 scrolls of magic mapping
 q - a scroll of summoning {unknown}
 v - a scroll of noise {unknown}
 A - a scroll of brand weapon {unknown}
 D - a scroll of enchant weapon {unknown}
 H - a scroll of poison {unknown}
Potions
 d - 2 potions of mutation
 i - a potion of degeneration
 n - a potion of magic {unknown}
 s - 4 potions of curing {unknown}
 x - 3 potions of flight {unknown}
 z - 2 potions of heal wounds {unknown}
 B - a potion of lignification {unknown}
 C - a potion of invisibility {unknown}
 E - 2 potions of ambrosia {unknown}
 F - 2 potions of might {unknown}


   Skills:
 + Level 7.6 Fighting
 * Level 9.6 Long Blades
 - Level 3.8 Maces & Flails
 - Level 2.5 Armour
 - Level 2.5 Dodging
 - Level 4.0 Stealth


You had 9 spell levels left.
You didn't know any spells.
Your spell library was empty.

Dungeon Overview and Level Annotations

Branches:
Dungeon (6/15)             Temple (0/1) D:4         Ossuary (visited)

Altars:
Ashenzari
Gozag
Hepliaklqana
Kikubaaqudgha
Ru

Shops:
D:2 [


Message History

You hit the boulder beetle.
You kill the boulder beetle!
Trog accepts your kill.
Your Long Blades skill increases to level 9!
You have reached level 10!
The shadow imp barely misses you.
You see here a boulder beetle corpse.
You slice the shadow imp!!
You kill the shadow imp!
Trog accepts your kill.
You feel a strong urge to attack something.
An iguana comes into view.
You feel your anger nearly subside.
You are no longer berserk.
You are exhausted.
You feel yourself slow down.
The iguana hisses angrily.
A shadow comes into view.
The shadow slips into darkness.
The shadow flickers and vanishes!
Deactivating autopickup; reactivate with Ctrl-A.
You see here a boulder beetle corpse.
You see here 5 stones.
You are too injured to fight recklessly!
The gargoyle hits you with a +0 mace!
* * * LOW HITPOINT WARNING * * *
The gargoyle hits you but does no damage.
You see here 5 stones.
You hit the gargoyle.
Your weapon exudes an aura of protection.
The gargoyle is lightly damaged.
The gargoyle hits you but does no damage.
You hit the gargoyle.
The gargoyle is moderately damaged.
The gargoyle hits you but does no damage.
The gargoyle barely misses you.
You hit the gargoyle but do no damage.
The gargoyle is lightly damaged.
The gargoyle hurls a stone arrow at you.
The stone arrow hits you!!
You die...

******* *,***.:.###....## ***
,,,,,,* **,,,*#.##.......## **
,****,*****,,,*,#.#.#.......#***,
,,,,,,,,,,,,,,,,#.#.........+,,,,
*,***,*****,,,,,#.#.........#***,
**,**,* *,*,,,#.#........## **
*,,,,,* *,#,,*#.##......## *
,*,**** *,#.###9###....## **,*
*,#...@.....#+## **,*
*,###########,***** *,* *,*
**,*,,,*** *,* *,* *,,,,,,,,***
**,* *,* **,,,,,,,<,,, ,,,* *,*
******,,,,,,,,,*** ****
*,****,,,,,,,,,,,,*,*
*,,,,,,*****,,*****,* ********
*,** *,*


You could see a gargoyle.

Vanquished Creatures
  A boulder beetle (D:6)
  A steam dragon (D:6)
  A water moccasin (D:5)
  Duvessa (D:6)
  An ice beast (D:5)
  2 black bears (D:6)
  An ogre (D:4)
  A phantom (D:4)
  An elf zombie (Ossuary)
  A gnoll sergeant (D:5)
  A bullfrog (D:6)
  4 scorpions
  2 necrophages
  Dowan (D:6)
  A centaur zombie (Ossuary)
  3 hounds
  A human zombie (Ossuary)
  3 jellies
  An orc priest (D:6)
  Ijyb (D:3)
  3 orc wizards
  Natasha (thrice) (D:3)
  3 iguanas (D:5)
  2 mummies (Ossuary)
  5 gnolls (D:5)
  7 adders
  A shadow imp (D:6)
  2 ufetubi (D:5)
  2 adder zombies (Ossuary)
  2 worms
  5 dart slugs
  8 orcs
  7 ball pythons
  6 endoplasms
  5 giant cockroaches
  4 goblins
  8 hobgoblins
  10 kobolds
  5 quokkas
  6 bats
  3 frilled lizards
  2 goblin zombies (Ossuary)
  16 hobgoblin zombies (Ossuary)
  A jackal zombie (Ossuary)
  8 kobold zombies (Ossuary)
  5 orc zombies (Ossuary)
  3 rats
161 creatures vanquished.

Notes
Turn   | Place    | Note
-------+----------+-------------------------------------------
     0 | D:1      | billz999 the Human Berserker began the quest for the Orb.
     0 | D:1      | Reached XP level 1. HP: 18/18 MP: 1/1
   364 | D:1      | Reached XP level 2. HP: 16/24 MP: 2/2
  1171 | D:2      | Reached XP level 3. HP: 23/29 MP: 3/3
  1666 | D:2      | Reached XP level 4. HP: 35/35 MP: 4/4
  1771 | D:2      | Found Coupy's Armour Shop.
  2116 | D:2      | Identified the +10 scimitar of the Boiling Point {protect,
                  | rC+ Dex+3}
  2379 | D:3      | Found a sacrificial altar of Ru.
  2399 | D:3      | Reached ** piety under Trog
  2400 | D:3      | Reached skill level 1 in Long Blades
  2400 | D:3      | Reached XP level 5. HP: 37/41 MP: 5/5
  2662 | D:3      | Reached skill level 2 in Long Blades
  2662 | D:3      | Noticed Natasha
  2668 | D:3      | Killed Natasha
  2670 | D:3      | Noticed Ijyb
  2676 | D:3      | Killed Ijyb
  2686 | D:3      | You fall into a shaft and drop 1 floor!
  2695 | D:4      | Reached skill level 3 in Long Blades
  2695 | D:4      | Reached XP level 6. HP: 46/48 MP: 6/6
  2840 | D:3      | Noticed Natasha
  2853 | D:3      | Killed Natasha
  3081 | D:3      | Noticed Natasha
  3086 | D:3      | Killed Natasha
  3339 | D:4      | Reached skill level 4 in Long Blades
  3389 | D:4      | Found a staircase to the Ecumenical Temple.
  3407 | D:4      | Reached XP level 7. HP: 55/55 MP: 7/7
  3636 | D:4      | Reached skill level 5 in Fighting
  3636 | D:4      | Reached skill level 5 in Long Blades
  3952 | D:5      | Entered Level 5 of the Dungeon
  3960 | D:5      | Reached skill level 1 in Stealth
  3987 | D:5      | Reached XP level 8. HP: 62/62 MP: 8/8
  4035 | D:5      | Reached *** piety under Trog
  4119 | D:5      | Reached skill level 6 in Long Blades
  4417 | D:5      | Found an ancient bone altar of Kikubaaqudgha.
  4672 | D:5      | Found a hazy altar of Hepliaklqana.
  4699 | D:5      | Found a broken altar of Ashenzari.
  5307 | D:6      | Found a sand-covered staircase.
  5316 | Ossuary  | Entered an ossuary
  5440 | Ossuary  | Reached skill level 7 in Long Blades
  5464 | Ossuary  | Reached XP level 9. HP: 68/69 MP: 9/9
  5574 | Ossuary  | Reached **** piety under Trog
  5825 | D:6      | Found an opulent altar of Gozag.
  6175 | D:6      | Reached skill level 8 in Long Blades
  6395 | D:6      | Noticed Duvessa
  6403 | D:6      | Killed Duvessa
  6403 | D:6      | Noticed Dowan
  6406 | D:6      | Killed Dowan
  6593 | D:6      | Noticed a boulder beetle
  6601 | D:6      | Noticed a gargoyle
  6618 | D:6      | Killed a boulder beetle
  6619 | D:6      | Reached skill level 9 in Long Blades
  6619 | D:6      | Reached XP level 10. HP: 33/79 MP: 3/10
  6636 | D:6      | Killed from afar by a gargoyle

Illustrated notes

Levels and vault maps discovered:
D:1:      spicycebolla_arrival_ecumenical, layout_loops_ring,
          kennysheep_small_spiral
D:2:      layout_loops_ring, serial_shops, shop, minmay_tetromino_t2
D:3:      layout_basic, nicolae_ru_great_annihilating_truth, uniq_natasha,
          uniq_ijyb
D:4:      layout_basic, minmay_temple_entry_purple_smoke
D:5:      layout_basic, mainiacjoe_overflow_small_starburst,
          nicolae_hepliaklqana_hazy_memory, ashenzari_conservatory_becter
D:6:      layout_loops_corners, grunt_gozag_breadcrumbs,
          chequers_ossuary_entry_cave, st_stairs_2, grunt_ministairs_15,
          minmay_manual_monstrance, uniq_duvessa

Skill      XL: |  1  2  3  4  5  6  7  8  9 |
---------------+----------------------------+-----
Long Blades    | 1 3 4 5 7 9 |  9.6
Fighting       | 4 5 6 7 |  7.6
Stealth        | 1 3 4 |  4.0
Maces & Flails | |  3.8
Armour         | |  2.5
Dodging        | |  2.5

Action                   |  1- 3 |  4- 6 |  7- 9 | 10-12 || total
-------------------------+-------+-------+-------+-------++-------
Melee: Mace              |    59 |    18 |       |       ||    77
       Scimitar          |       |    77 |   213 |     4 ||   294
Invok: Berserk           |     2 |     2 |     8 |       ||    12
  Use: Scroll            |       |     2 |     3 |       ||     5
 Stab: Invisible         |       |     1 |       |       ||     1
       Paralysed         |       |     1 |       |       ||     1
Armor: Animal skin       |     9 |       |       |       ||     9
       Ring mail         |     1 |     4 |       |       ||     5
       Chain mail        |       |    43 |   121 |     3 ||   167
Dodge: Dodged            |    31 |    41 |    71 |     2 ||   145
Block: Buckler           |       |       |    29 |       ||    29

Table legend: (Time is in decaauts)
 A = Elapsed time spent in this place.
 B = Non-inter-level travel time spent in this place.
 C = Inter-level travel time spent in this place.
 D = Time resting spent in this place.
 E = Time spent auto-exploring this place.
 F = Levels seen in this place.
 G = Mean time per level.
                   A        B        C        D        E       F      G
               +--------+--------+--------+--------+--------+-----+--------+
         Total |   6797 |   6548 |    249 |    652 |   4850 |   7 |  971.0 |
       Dungeon |   6401 |   6152 |    249 |    645 |   4639 |   6 | 1066.8 |
       Ossuary |    396 |    396 |      0 |      7 |    211 |   1 |  396.0 |
               +--------+--------+--------+--------+--------+-----+--------+

Top non-repeatable levels by time:
     D:5: 1365 daAuts
     D:2: 1144 daAuts
     D:1: 1124 daAuts
     D:3: 1062 daAuts
     D:6: 1002 daAuts
     D:4: 702 daAuts
 Ossuary: 396 daAuts
